 Dungeon Crawl Stone Soup version 0.30-a0-743-gbfdf073431 (webtiles) character file.

Game seed: 15170270579767865976

47908 Gargoyl the Protected (level 14, -4/117 HPs)
             Began as a Gargoyle Berserker on Feb 7, 2023.
             Was an Elder of Trog.
             Slain by a slime creature (8 damage)
             ... on level 15 of the Dungeon.
             The game lasted 00:32:17 (22295 turns).

Gargoyl the Protected (Gargoyle Berserker)         Turns: 22295, Time: 00:32:17

Health: -4/117     AC: 16    Str: 25    XL:     14   Next: 44%
Magic:  12/12      EV: 15    Int:  7    God:    Trog [****..]
Gold:   2602       SH:  0    Dex: 11    Spells: 13/13 levels left

rFire   . . .      SeeInvis +    r - +2 scythe (venom)
rCold   + + +      Faith    .    (shield currently unavailable)
rNeg    + + .      Spirit   .    h - +4 skin of Zhor {*Englaciate rC+++ SInv}
rPois   ∞          Reflect  .    q - +1 helmet
rElec   +          Harm     .    (no cloak)
rCorr   .          Rampage  .    s - +2 pair of gloves
Will    +++..                    (no boots) Stlth
                                 B - amulet of the acrobat
HPRegen 1.39/turn                i - ring of positive energy
MPRegen 0.13/turn                f - ring of see invisible

@: berserking, strong-willed, corroded, flying, regenerating, very quick
A: sickness immunity, AC +10, big wings, negative energy resistance 1,
electricity resistance, torment resistance 1, petrification resistance, frail 1,
low MP 1, mutation resistance 1
a: Renounce Religion, Berserk, Trog's Hand, Brothers in Arms


You were on level 15 of the Dungeon.
You worshipped Trog.
Trog was greatly pleased with you.
You visited 2 branches of the dungeon, and saw 19 of its levels.
You also visited: Sewer and Ossuary.

You collected 2602 gold pieces.

Inventory:

Hand Weapons
 a - a +1 hand axe
 r - a +2 scythe of venom (weapon)
 u - the +5 falchion of Deenudio {vamp, Will+ Dex+4}
   (You found it on level 13 of the Dungeon)

   Dex:       It affects your dexterity (+4).
   Will:      It increases your willpower.
 G - a +1 war axe
Missiles
 g - 3 javelins
 y - 26 poisoned darts (quivered)
Armour
 h - the +4 skin of Zhor (worn) {*Englaciate rC+++ SInv}
   (You found it on level 15 of the Dungeon)

   *Englaciate: It radiates cold, occasionally slowing all nearby creatures who
   are not resistant to cold.
   rC:        It renders you almost immune to cold.
   SInv:      It lets you see invisible.
 q - a +1 helmet (worn)
 s - a +2 pair of gloves (worn)
 F - +0 acid dragon scales
Jewellery
 f - a ring of see invisible (right hand)
 i - a ring of positive energy (left hand)
 p - a ring of willpower
 B - an amulet of the acrobat (around neck)
Wands
 d - a wand of mindburst (5)
 e - a wand of charming (15)
 o - a wand of flame (29)
 t - a wand of polymorph (12)
 w - a wand of quicksilver (9)
 E - a wand of iceblast (31)
Scrolls
 b - a scroll of magic mapping
 j - 9 scrolls of identify
 l - 8 scrolls of teleportation
 A - a scroll of fear
 D - 2 scrolls of fog
Potions
 c - a potion of magic
 k - 5 potions of berserk rage
 m - 3 potions of might
 n - 7 potions of flight
 v - a potion of cancellation
 x - 3 potions of lignification
 z - 4 potions of haste
 C - a potion of mutation


   Skills:
 + Level 9.9 Fighting
 + Level 0.6 Long Blades
 * Level 10.6(12.9) Axes
 + Level 11.7(13.4) Polearms
 + Level 2.3 Throwing
 * Level 14.4 Armour
 * Level 8.3 Dodging
 + Level 1.0 Stealth


You had 13 spell levels left.
You didn't know any spells.
Your spell library was empty.

Dungeon Overview and Level Annotations

Branches:
Dungeon (15/15)            Temple (0/1) D:4            Lair (4/5) D:11
  Snake (0/4) Lair:3          Orc (0/2) D:9          Vaults (0/5) D:14
  Sewer (visited)         Ossuary (visited)
  Swamp: Lair:2-3    Shoals: Lair:2-3     Slime: Lair:4-5    Depths: D:15

Altars:
Ashenzari
Cheibriados
Makhleb
Qazlal
Uskayaw
Xom
Yredelemnul

Shops:
D:8 [

Annotations:
D:9 1 runed translucent door, Smoky173's ghost, novice DEFE
Lair:3 Gastronok


Innate Abilities, Weirdness & Mutations

You are immune to sickness and miasma.
Your stone body is resilient. (AC +10)
You are immune to poison.
Your large and strong wings let you fly.
You resist negative energy. (rN+)
You are resistant to electric shocks. (rElec)
You are resistant to unholy torment.
You are immune to petrification.
You are frail. (-10% HP)
Your magical capacity is low. (-10% MP)
You are somewhat resistant to further mutation.


Message History

The white ugly thing is lightly wounded.
You radiate an aura of cold.
The white ugly thing is unaffected. x2
The brown ugly thing seems to slow down.
The slime creature seems to slow down.
The white ugly thing trunk-slaps you but does no damage.
The white ugly thing bites you but does no damage.
You hit the white ugly thing.
The white ugly thing is poisoned.
The white ugly thing is moderately wounded.
The slime creature hits you!
* * * LOW HITPOINT WARNING * * *
You slice the white ugly thing!!
The white ugly thing looks as sick as possible!
The white ugly thing is severely wounded.
The white ugly thing trunk-slaps you but does no damage.
The white ugly thing bites you but does no damage.
The brown ugly thing punches you.
* * * LOW HITPOINT WARNING * * *
The acid corrodes you!
You are splashed with acid!
* * * LOW HITPOINT WARNING * * *
You puncture the white ugly thing!
The white ugly thing looks as sick as possible!
The white ugly thing is severely wounded.
You kill the white ugly thing!
Trog accepts your kill.
The white ugly thing closely misses you.
The slime creature hits you but does no damage.
You slash the slime creature!
The slime creature is moderately wounded.
You impale the slime creature!!
The slime creature is severely wounded.
The brown ugly thing is no longer moving slowly.
The white ugly thing closely misses you.
The brown ugly thing punches you.
* * * LOW HITPOINT WARNING * * *
You are splashed with acid!
* * * LOW HITPOINT WARNING * * *
You hit the slime creature.
The slime creature is severely wounded.
The slime creature hits you!
You die...

#.# #........# #..#
# ###.# #........#
#..# #
....######........#
#.(# #
###...............#
#..# #
#......(........#
#..#######
#..#####........#
#......... #..#
#........#
#......... #..#
#........#
#...#####. #..#
#......@.# #...# #.
#..#
#.....Juu######...#
#. ###..#
#.........[.......#
#. .....#
#.................#
#. .##..#
#........######...#
##. ≈~≈~.#
#........# ####.#
#.. ###~.#
#.....#### ..#?###
#.# ≈≈≈~.#
#....##..###..u.
#.# ~#≈~.#
#...##.u..#u.# #≈#


You could see 2 ugly things and a slime creature (slow).

Vanquished Creatures
  A rakshasa (D:15)
  5 centaur warriors
  2 boulder beetles (D:13)
  2 two-headed ogres
  Sonja (Lair:3)
  An orc knight (D:15)
  5 deep elf pyromancers
  A necromancer (D:13)
  4 manticores
  5 cyclopes
  15 ugly things
  3 black mambas
  3 elephants (Lair:4)
  3 cane toads
  An unseen horror (D:13)
  4 komodo dragons
  3 torpor snails
  A freezing wraith (D:15)
  A yaktaur (D:15)
  2 polar bears
  A meliai (shapeshifter) (D:15)
  5 trolls
  Grinder (D:3)
  6 dream sheep (Lair:3)
  A hornet (D:8)
  13 blink frogs
  A meliai zombie (D:10)
  2 centaur simulacra
  2 shadows
  Sigmund (D:4)
  14 slime creatures
  A spriggan (shapeshifter) (D:14)
  28 yaks
  2 basilisks
  3 steam dragons
  5 wraiths
  A water elemental (D:15)
  7 vampire mosquitoes
  A steam dragon (shapeshifter) (D:15)
  Edmund (D:4)
  3 wargs
  3 acid dragons
  7 water moccasins
  Duvessa (D:5)
  7 orc warriors
  A sky beast (D:7)
  An ice beast (D:5)
  2 ogres
  17 wolves
  2 centaurs
  3 kobold brigands
  5 bullfrogs
  An elf zombie (Ossuary)
  3 wights (D:8)
  Dowan (D:5)
  3 killer bees (D:5)
  8 howler monkeys
  A lava snake (D:14)
  A human zombie (Ossuary)
  4 hounds
  3 jellies
  A gnoll bouda (D:8)
  6 orc priests
  6 iguanas
  11 orc wizards
  3 mummies
  A howler monkey zombie (D:10)
  Robin (D:4)
  11 gnolls
  17 adders
  7 river rats
  A shadow imp (D:7)
  2 white imps
  An ufetubus (D:4)
  An adder zombie (Ossuary)
  6 worms
  2 dart slugs
  34 orcs
  10 endoplasms
  4 giant cockroaches
  15 goblins
  5 hobgoblins
  9 jackals
  12 quokkas
  15 ball pythons
  16 bats
  3 frilled lizards
  2 goblin zombies (Ossuary)
  13 hobgoblin zombies
  3 jackal zombies (Ossuary)
  22 kobolds
  14 kobold zombies (Ossuary)
  4 orc zombies
  11 rats
505 creatures vanquished.

Vanquished Creatures (collateral kills)
  A hydra (D:14)
  An ugly thing (D:14)
  A wraith (Lair:3)
  3 killer bees (D:5)
6 creatures vanquished.

Vanquished Creatures (others)
  An orc (D:9)
  A fire vortex (D:14)
  18 fungi
  14 plants
34 creatures vanquished.

Grand Total: 545 creatures vanquished

Notes
Turn   | Place    | Note
-------+----------+-------------------------------------------
     0 | D:1      | Gargoyl the Gargoyle Berserker began the quest for the Orb.
     0 | D:1      | Reached XP level 1. HP: 14/14 MP: 1/1
    97 | D:1      | Reached XP level 2. HP: 9/19 MP: 2/2
   467 | D:1      | Reached XP level 3. HP: 17/23 MP: 3/3
  1158 | D:2      | Reached ** piety under Trog
  1267 | D:2      | Reached XP level 4. HP: 26/29 MP: 4/4
  1785 | D:2      | Reached XP level 5. HP: 28/33 MP: 5/5
  1891 | D:3      | Noticed Grinder
  1898 | D:3      | Paralysed by Grinder for 5 turns
  1945 | D:3      | Killed Grinder
  1946 | D:3      | Reached skill level 5 in Axes
  1946 | D:3      | Reached skill level 3 in Armour
  1946 | D:3      | Reached XP level 6. HP: 19/39 MP: 6/6
  2284 | D:3      | Found a glowing drain.
  2307 | Sewer    | Entered a sewer
  2490 | Sewer    | Reached *** piety under Trog
  2532 | Sewer    | Reached XP level 7. HP: 44/44 MP: 7/7
  3114 | D:3      | Gained mutation: You have a pair of small antennae on your
                  | head. [potion of mutation]
  3114 | D:3      | Gained mutation: Your body sometimes deteriorates upon
                  | taking damage. [potion of mutation]
  3114 | D:3      | Gained mutation: Armour fits poorly on your strangely
                  | shaped body. [potion of mutation]
  3114 | D:3      | Gained mutation: You are covered in fur. (AC +1) [potion of
                  | mutation]
  3115 | D:3      | Lost mutation: Armour fits poorly on your strangely shaped
                  | body. [potion of mutation]
  3115 | D:3      | Lost mutation: You have a pair of small antennae on your
                  | head. [potion of mutation]
  3115 | D:3      | Lost mutation: You are covered in fur. (AC +1) [potion of
                  | mutation]
  3115 | D:3      | Gained mutation: You sometimes lose your temper in combat.
                  | [potion of mutation]
  3115 | D:3      | Gained mutation: You are strong-willed. (Will+) [potion of
                  | mutation]
  3115 | D:3      | Gained mutation: Your spells are a little harder to cast,
                  | but a little more powerful. [potion of mutation]
  3483 | D:4      | Noticed Robin
  3494 | D:4      | Killed Robin
  3542 | D:4      | Noticed Sigmund
  3559 | D:4      | Killed Sigmund
  3560 | D:4      | Reached skill level 4 in Armour
  3637 | D:4      | Identified the +1 scale mail "Jaepinoipt" {rPois}
  3650 | D:4      | Noticed Edmund
  3655 | D:4      | Killed Edmund
  3656 | D:4      | Reached XP level 8. HP: 48/48 MP: 8/8
  4093 | D:4      | Found a staircase to the Ecumenical Temple.
  4391 | D:5      | Entered Level 5 of the Dungeon
  4404 | D:5      | Reached **** piety under Trog
  4474 | D:5      | Found a snail-covered altar of Cheibriados.
  4537 | D:5      | Reached skill level 5 in Fighting
  4568 | D:5      | Reached skill level 1 in Polearms
  4602 | D:5      | Reached skill level 5 in Armour
  4922 | D:5      | Noticed Duvessa
  4922 | D:5      | Noticed Dowan
  4937 | D:5      | Killed Duvessa
  4938 | D:5      | Reached skill level 6 in Armour
  4938 | D:5      | Reached XP level 9. HP: 28/54 MP: 9/9
  4944 | D:5      | Killed Dowan
  5332 | D:6      | Found a sand-covered staircase.
  5338 | Ossuary  | Entered an ossuary
  5798 | D:6      | Found a broken altar of Ashenzari.
  6165 | D:6      | Reached ***** piety under Trog
  6266 | D:6      | Lost mutation: Your spells are a little harder to cast, but
                  | a little more powerful. [potion of mutation]
  6266 | D:6      | Lost mutation: You sometimes lose your temper in combat.
                  | [potion of mutation]
  6266 | D:6      | Gained mutation: Armour fits poorly on your strangely
                  | shaped body. [potion of mutation]
  6267 | D:6      | Lost mutation: You are strong-willed. (Will+) [potion of
                  | mutation]
  6267 | D:6      | Lost mutation: Armour fits poorly on your strangely shaped
                  | body. [potion of mutation]
  6267 | D:6      | Lost mutation: Your body sometimes deteriorates upon taking
                  | damage. [potion of mutation]
  6267 | D:6      | Gained mutation: Your body sometimes deteriorates upon
                  | taking damage. [potion of mutation]
  6267 | D:6      | Gained mutation: Your magical capacity is low. (-10% MP)
                  | [potion of mutation]
  6267 | D:6      | Gained mutation: You are strong-willed. (Will+) [potion of
                  | mutation]
  6268 | D:6      | Lost mutation: Your body sometimes deteriorates upon taking
                  | damage. [potion of mutation]
  6268 | D:6      | Lost mutation: You are strong-willed. (Will+) [potion of
                  | mutation]
  6268 | D:6      | Gained mutation: You are somewhat resistant to further
                  | mutation. [potion of mutation]
  6268 | D:6      | Gained mutation: You are frail. (-10% HP) [potion of
                  | mutation]
  6275 | D:6      | Found a stormy altar of Qazlal.
  6876 | D:7      | Found a burning altar of Makhleb.
  6985 | D:7      | Received a gift from Trog
  7031 | D:7      | Reached skill level 7 in Armour
  7657 | D:8      | Reached skill level 5 in Polearms
  7815 | D:8      | Reached XP level 10. HP: 54/54 MP: 9/9
  8230 | D:8      | Found Isum's Armour Boutique.
  8867 | D:9      | Noticed Smoky173's ghost (novice DEFE)
  8878 | D:9      | Found a runed translucent door.
  8926 | D:9      | Reached skill level 8 in Armour
  8952 | D:9      | Found a staircase to the Orcish Mines.
  8975 | D:9      | Reached skill level 5 in Dodging
  9381 | D:10     | Entered Level 10 of the Dungeon
  9381 | D:10     | Noticed a two-headed ogre
  9393 | D:10     | Killed a two-headed ogre
  9973 | D:10     | Reached skill level 9 in Armour
 10143 | D:10     | Reached XP level 11. HP: 17/59 MP: 9/9
 10299 | D:10     | Found a basalt altar of Yredelemnul.
 10669 | D:11     | Identified a scroll of acquirement
 10669 | D:11     | Acquired 1032 gold pieces
 11308 | D:12     | Reached skill level 1 in Throwing
 11679 | D:11     | Found a staircase to the Lair.
 11683 | D:11     | Identified the +5 short sword of the Wary Geomancers
                  | {heavy, rC+ Dex+3 SInv}
 12164 | Lair:1   | Entered Level 1 of the Lair of Beasts
 12387 | Lair:1   | Reached skill level 10 in Armour
 13503 | Lair:2   | Found a shimmering altar of Xom.
 13551 | Lair:2   | Reached XP level 12. HP: 48/64 MP: 10/10
 13574 | Lair:2   | Reached skill level 11 in Armour
 14962 | Lair:3   | Found a staircase to the Snake Pit.
 15025 | Lair:3   | Noticed Sonja
 15050 | Lair:3   | Killed Sonja
 15292 | Lair:3   | Reached skill level 12 in Armour
 15321 | Lair:3   | Identified the +2 robe of Vlad {Harm +Blink Str+3 Int+6
                  | Dex-3}
 15873 | Lair:3   | Noticed Gastronok
 16026 | Lair:4   | Reached skill level 10 in Polearms
 16026 | Lair:4   | Reached XP level 13. HP: 50/71 MP: 11/11
 17719 | D:13     | Reached skill level 13 in Armour
 17774 | D:13     | Reached skill level 10 in Axes
 17969 | D:13     | Identified the +5 falchion of Deenudio {vamp, Will+ Dex+4}
 18010 | D:13     | HP: 3/72 [fire elemental[a deep elf pyromancer] (4)]
 19119 | D:15     | Entered Level 15 of the Dungeon
 19216 | D:14     | Found a gate to the Vaults.
 19479 | D:14     | Found a hide-covered altar of Uskayaw.
 20284 | D:15     | Gained mutation: Your large and strong wings let you fly.
                  | [Gargoyle growth]
 20284 | D:15     | Reached XP level 14. HP: 34/77 MP: 12/12
 20509 | D:15     | Reached skill level 14 in Armour
 20973 | D:15     | Found the +4 skin of Zhor {*Englaciate rC+++ SInv}
 21314 | D:15     | Reached skill level 1 in Stealth
 22294 | D:15     | HP: 3/117 [acid (9)]
 22295 | D:15     | Slain by a slime creature

Illustrated notes

Levels and vault maps discovered:
D:1:      minmay_arrival_doors, layout_basic
D:2:      layout_basic, minmay_cut_off
D:3:      minmay_angry_zag, layout_rooms, portal_sewer_entry_c, uniq_grinder
D:4:      minmay_chambers_of_fours, layout_cave_pods, temple_pool_b,
          due_unseen_surprise, uniq_edmund, uniq_sigmund, uniq_robin
D:5:      layout_basic, slow_altar_2, uniq_duvessa
D:6:      layout_cave_pods, mainiacjoe_overflow_catch_the_wave,
          nicolae_ossuary_entry_giza, minmay_door_square, minivault_19
D:7:      layout_gridville, makhleb_heckhound_becter
D:8:      layout_loops_corners, serial_shops, shop_coins
D:9:      layout_rooms, david_orc_3, hellmonk_ghost_big_iron
D:10:     layout_stronghold, lemuel_zombie_altar_yredelemnul,
          serial_column_ruins, column_ruins_open_tiny_water,
          column_ruins_grid_2, column_ruins_grid_1,
          column_ruins_corridor_straight, column_ruins_grid_1,
          column_ruins_grid_4
D:11:     layout_cave_pools, erik_lair_orcish_takeover
D:12:     layout_grid_maze
D:13:     layout_irregular_city
D:14:     layout_cave_pods, david_vaults_1, kennysheep_cross_bottleneck,
          nicolae_uskayaw_suspiria
D:15:     gammafunk_enter_depths_forms, layout_long_grid, corexii_corridor_pit,
          columned_hall_lemuel, minmay_crystal_water
Lair:1:   layout_regular_city
Lair:2:   layout_chaotic_city, basic_altar, st_stairs_12
Lair:3:   layout_small_grid, nicolae_shoals_entry_roost, dummy_snake_entry,
          infiniplex_staircase_pool_2, grunt_megastairs_1, uniq_sonja,
          uniq_josephine, uniq_gastronok
Lair:4:   layout_roguey, gammafunk_ghost_split, grunt_megastairs_4,
          lemuel_fruit_fields

Skill      XL: |  1  2  3  4  5  6  7  8  9 10 11 12 13 14 |
---------------+-------------------------------------------+-----
Axes           | 3 4 5 6 7 8 9 10 | 10.6
Fighting       | 4 5 6 7 8 9 |  9.9
Dodging        | 2 3 4 5 6 7 8 |  8.3
Armour         | 3 4 6 7 9 10 12 13 14 | 14.4
Polearms       | 3 5 7 8 10 11 | 11.7
Throwing       | 1 2 |  2.3
Stealth        | 1 |  1.0
Long Blades    | |  0.6

Action                     |  1- 3 |  4- 6 |  7- 9 | 10-12 | 13-15 || total
---------------------------+-------+-------+-------+-------+-------++-------
  Melee: Hand axe          |   117 |   200 |   200 |       |       ||   517
         Punch             |       |     5 |     2 |       |       ||     7
         Halberd           |       |       |   350 |   817 |   519 ||  1686
         Falchion          |       |       |       |       |    11 ||    11
  Throw: Javelin           |       |     3 |     4 |     1 |       ||     8
         Dart              |       |       |       |    39 |     9 ||    48
 Invoke: Berserk           |     2 |     2 |     3 |       |     1 ||     8
         Trog's Hand       |       |     1 |     5 |    13 |    10 ||    29
         Brothers in Arms  |       |       |     1 |     1 |     1 ||     3
    Use: Potion            |     1 |       |     5 |     5 |     3 ||    14
         Scroll            |       |     4 |    13 |     6 |     6 ||    29
 Armour: Animal skin       |    23 |       |       |       |    69 ||    92
         Plate armour      |    34 |   172 |   534 |   789 |   297 ||  1826
         Acid dragon scale |       |       |       |       |    15 ||    15
  Dodge: Dodged            |    87 |    80 |   311 |   495 |   316 ||  1289

Table legend: (Time is in decaauts)
 A = Elapsed time spent in this place.
 B = Non-inter-level travel time spent in this place.
 C = Inter-level travel time spent in this place.
 D = Time resting spent in this place.
 E = Time spent auto-exploring this place.
 F = Levels seen in this place.
 G = Mean time per level.
                   A        B        C        D        E       F      G
               +--------+--------+--------+--------+--------+-----+--------+
         Total |  22694 |  22094 |    600 |   1814 |  14746 |  21 | 1080.7 |
       Dungeon |  17222 |  16774 |    448 |   1245 |  11610 |  15 | 1148.1 |
          Lair |   4141 |   3990 |    151 |    424 |   2524 |   4 | 1035.2 |
         Sewer |    959 |    959 |      0 |    103 |    520 |   1 |  959.0 |
       Ossuary |    371 |    371 |      0 |     42 |     90 |   1 |  371.0 |
               +--------+--------+--------+--------+--------+-----+--------+

Top non-repeatable levels by time:
    D:15: 2139 daAuts
    D:12: 1744 daAuts
  Lair:2: 1538 daAuts
    D:13: 1509 daAuts
  Lair:3: 1305 daAuts
    D:14: 1288 daAuts
    D:10: 1283 daAuts
  Lair:1: 1247 daAuts
     D:8: 1213 daAuts
     D:4: 1133 daAuts
     D:6: 1066 daAuts
     D:1: 1009 daAuts
   Sewer: 959 daAuts
     D:5: 948 daAuts
     D:7: 940 daAuts
